 Dungeon Sprint DCSS version 0.31.0-12-g77e489cdc1 (webtiles) character file.

Game seed: 5449529167397949436

121 Heoruswealwe the Spear-Bearer (level 4, -8/45 HPs)
             Began as a Minotaur Fighter on Mar 4, 2024.
             Mangled by an ogre
             ... wielding a +0 giant club
              (16 damage)
             ... in the Dungeon (Sprint IX: "|||||||||||||||||||||||||||||").
             The game lasted 00:00:46 (73 turns).

Heoruswealwe the Spear-Bearer (Minotaur Fighter)      Turns: 73, Time: 00:00:47

Health: -8/45      AC:  7    Str: 22    XL:     4   Next: 77%
Magic:  3/3        EV:  9    Int:  5    God:
Gold:   0          SH:  4    Dex: 10    Spells: 3/3 levels left

rFire   . . .        a - +0 trident
rCold   . . .        d - +0 buckler
rNeg    . . .        c - +0 scale mail
rPois   .            (helmet restricted)
rElec   .            (no cloak)
rCorr   .            (no gloves)
SInv    .            (no boots)
Will    .....        (no amulet) Stlth
                     (no ring)
HPRegen 0.27/turn    (no ring)
MPRegen 0.08/turn

%: no teleportation
@: no status effects
A: horns 2, retaliatory headbutt
a: no special abilities


You were in the Dungeon.
You visited 1 branch

Inventory:

Hand Weapons
 a - a +0 trident (weapon)
Armour
 c - a +0 scale mail (worn)
 d - a +0 buckler (worn)
Scrolls
 j - a scroll of blinking
Potions
 b - a potion of might
 e - a potion of curing
 g - a potion of haste
 h - 2 potions of magic
 i - a potion of berserk rage


   Skills:
 + Level 6.7 Fighting
 * Level 8.4 Polearms
 + Level 6.7 Armour
 - Level 3.6 Shields


You had 3 spell levels left.
You didn't know any spells.
Your spell library was empty.

Dungeon Overview and Level Annotations

Branches:
Dungeon (1/1)

Altars:


Innate Abilities, Weirdness & Mutations

You have a pair of horns on your head.
You reflexively headbutt those who attack you in melee.


Message History

The ogre is almost dead.
The ogre hits you with a +0 giant club!
You barely miss the ogre. Your headbutt misses the ogre.
The ogre is almost dead.
The ogre hits you with a +0 giant club!
* * * LOW HITPOINT WARNING * * *
You feel much better.
You hit the ogre.
The ogre is almost dead.
You block the ogre's attack.
You hit the ogre.
You kill the ogre!
Your Fighting skill increases to level 6!
Your Polearms skill gained 2 levels and is now at level 8!
Your Armour skill increases to level 6!
You have reached level 4!
You feel agile.
Reach: a) +0 trident
Press: ? - help, Dir - move target, f - bombardier beetle
Aim: a bombardier beetle (about 27% to evade your +0 trident)
You reach to attack!
You barely miss the bombardier beetle. You puncture the bombardier beetle!
The bombardier beetle is severely wounded.
You completely miss the bombardier beetle.
The bombardier beetle is severely wounded.
You closely miss the ogre. You puncture the ogre!
The ogre is heavily wounded.
The ogre hits you with a +0 giant club.
You hit the ogre.
The ogre is severely wounded.
You hit the ogre. You headbutt the ogre.
The ogre is almost dead.
The ogre hits you with a +0 giant club!!
Ouch! That really hurt!
* * * LOW HITPOINT WARNING * * *
You barely miss the ogre.
The ogre is almost dead.
The ogre hits you with a +0 giant club!
You die... ▓▓▓▓▓▓▓▓▓▓▓▓▓▓▓▓▓▓ +..wBO@....)†...<▓ ▓▓▓▓▓▓▓▓▓▓▓▓▓▓▓▓▓▓

You could see an ogre, a bombardier beetle and a dart slug.

Vanquished Creatures
  An ogre (D)
  A bombardier beetle (D)
  A dart slug (D)
  2 bats (D)
  A hobgoblin (D)
  A goblin (D)
7 creatures vanquished.

Notes
Turn   | Place    | Note
-------+----------+-------------------------------------------
     0 | D        | Heoruswealwe the Minotaur Fighter began the quest for the
                  | Orb.
     0 | D        | Reached XP level 1. HP: 19/19 MP: 0/0
     6 | D        | Reached skill level 3 in Polearms
    15 | D        | Reached skill level 4 in Polearms
    43 | D        | Noticed an ogre
    43 | D        | Noticed an ogre
    43 | D        | Noticed a bombardier beetle
    43 | D        | Noticed a bombardier beetle
    56 | D        | Killed a bombardier beetle
    57 | D        | Reached skill level 5 in Fighting
    57 | D        | Reached skill level 6 in Polearms
    57 | D        | Reached skill level 5 in Armour
    57 | D        | Reached XP level 2. HP: 24/29 MP: 1/1
    57 | D        | Reached XP level 3. HP: 30/36 MP: 2/2
    65 | D        | Killed an ogre
    66 | D        | Reached skill level 8 in Polearms
    66 | D        | Reached XP level 4. HP: 34/45 MP: 3/3
    73 | D        | Mangled by an ogre

Illustrated notes

Levels and vault maps discovered:
D:        linesprint [early_d, line_temple, items_1, d_10, items_2, lair_1,
          lair_end, items_3, orc_1, orc_end, items_4, d_15, swamp_1, shoals_1,
          snake_1, spider_1, d_20, vaults_1, items_5, swamp_end, shoals_end,
          snake_end, spider_end, vaults_end, d_27, items_6, zot_1, zot_end,
          crypt_end, forest_end, elf_end, slime_end, tomb_end, abyss_end,
          pan_hell_end]

Skill      XL: |  1  2  3 |
---------------+----------+-----
Polearms       | 6 8 |  8.4
Fighting       | 5 6 |  6.7
Armour         | 5 6 |  6.7
Shields        | |  3.6

Action                     |  1- 3 |  4- 6 || total
---------------------------+-------+-------++-------
  Melee: Trident           |    29 |     8 ||    37
         Headbutt          |     2 |     1 ||     3
    Use: Potion            |     1 |       ||     1
 Armour: Scale mail        |    15 |     3 ||    18
  Dodge: Dodged            |     9 |       ||     9
  Block: Buckler           |     4 |       ||     4
